 Dungeon Crawl Stone Soup version 0.27-a0-1158-gaa87e14f67 (webtiles) character file.

Game seed: 10580297770058099170

8057 bilbop the Magician (level 11, -11/76 HPs)
             Began as a Djinni Venom Mage on May 16, 2021.
             Was a Priest of Yredelemnul.
             Blown up by Sonja (26 damage)
             ... with a mindburst bolt
             ... on level 11 of the Dungeon.
             The game lasted 01:23:27 (13002 turns).

bilbop the Magician (Djinni Venom Mage)            Turns: 13002, Time: 01:23:28

Health: -11/76     AC: 14    Str:  7    XL:     11   Next: 48%
Gold:   707        EV: 11    Int: 18    God:    Yredelemnul [***...] SH:  0 Dex: 16

rFire    + + .     SeeInvis .   a - +2 dagger (drain)
rCold    x . .     Faith    .   (no shield)
rNeg     . . .     Spirit   .   d - +1 troll leather armour
rPois    ∞         Reflect  .   f - +0 helmet
rElec    .         Harm     .   q - +2 cloak
rCorr    .         Rampage  .   E - +0 pair of gloves
Will     +....                  (boots unavailable)
Stlth    +++.......             (no amulet)
HPRegen  1.22/turn              t - +4 ring of slaying
MPRegen  0.00/turn              u - +4 ring of protection

@: flying
A: sickness immunity, fire resistance 2, cold vulnerability 1, float, innate
caster, hp casting, extra vitality 1
a: Renounce Religion, Recall Undead Slaves, Injury Mirror, Animate Dead


You were on level 11 of the Dungeon.
You worshipped Yredelemnul.
Yredelemnul was most pleased with you.
You visited 2 branches of the dungeon, and saw 12 of its levels.

You collected 707 gold pieces.

Inventory:

Hand Weapons
 a - a +2 dagger of draining (weapon)
 b - a +0 hunting sling
 G - a +2 dagger of chaos
 P - a +0 dagger
Missiles
 e - 221 stones
 i - 80 sling bullets
 y - 3 silver javelins
 D - 3 throwing nets
Armour
 d - a +1 troll leather armour (worn)
 f - a +0 helmet (worn)
 k - a +0 leather armour
 q - a +2 cloak (worn)
 C - a +0 kite shield
 E - a +0 pair of gloves (worn)
Jewellery
 t - a +4 ring of slaying (left hand)
 u - a +4 ring of protection (right hand)
 L - a ring of willpower
Wands
 s - a wand of digging (5)
 A - a wand of flame (36)
 B - a wand of iceblast (14)
 J - a wand of acid (18)
 O - a wand of charming (3)
Scrolls
 j - a scroll of blinking
 l - 2 scrolls of identify
 m - a scroll of magic mapping
 p - 6 scrolls of teleportation
 r - 6 scrolls of silence
 w - 2 scrolls of fear
 z - 2 scrolls of enchant weapon
Potions
 c - 3 potions of attraction {unknown}
 g - 2 potions of heal wounds {unknown}
 h - 2 potions of brilliance {unknown}
 n - 2 potions of haste {unknown}
 o - 5 potions of curing
 x - a potion of invisibility {unknown}
 F - 2 potions of degeneration {unknown}
 I - a potion of magic {unknown}
 N - 2 potions of berserk rage {unknown}


   Skills:
 + Level 5.9 Fighting
 + Level 5.3 Short Blades
 + Level 4.5 Slings
 - Level 2.1 Dodging
 + Level 5.7 Stealth
 + Level 5.8 Shields
 * Level 7.2 Spellcasting
 + Level 6.0 Invocations


You couldn't memorise any spells.
You knew the following spells:

 Your Spells              Type           Power      Damage    Failure   Level
a - Sting                 Tmut/Pois      100%       1d8       1%          1
b - Poisonous Vapours     Pois/Air       64%        N/A       1%          2
c - Mephitic Cloud        Conj/Pois/Air  32%        N/A       2%          3
d - Ignite Poison         Fire/Tmut/Pois 32%        N/A       2%          3
e - Olgreb's Toxic Radia  Pois           32%        N/A       9%          4
f - Freeze                Ice            100%       1d11      1%          1
g - Searing Ray           Conj           64%        3d5       1%          2
h - Spider Form           Tmut/Pois      16%        N/A       2%          3
i - Conjure Flame         Conj/Fire      32%        6-21      2%          3
j - Ice Form              Ice/Tmut       32%        N/A       9%          4
Your spell library was empty.

Dungeon Overview and Level Annotations

Branches:
Dungeon (11/15)            Temple (1/1) D:4            Lair (0/6) D:9
    Orc (0/2) D:10

Altars:
Ashenzari
Cheibriados
Dithmenos
Elyvilon
Fedhas
Gozag
Hepliaklqana
Kikubaaqudgha
Makhleb
Nemelex Xobeh
Okawaru
Qazlal
Ru
Sif Muna
Trog
Uskayaw
Vehumet
Wu Jian
Xom
Yredelemnul
Zin
The Shining One
Beogh

Shops:
D:5 (   D:8 (

Annotations:
D:6 2 transporters
D:11 Sonja


Innate Abilities, Weirdness & Mutations

You are immune to sickness and miasma.
You are immune to poison.
Your flesh is very heat resistant. (rF++)
You are vulnerable to cold. (rC-)
You float through the air rather than walking.
You learn spells naturally, not from books.
Your magical power is your life essence.
You have superior vitality. (+4 HP)


Message History

Deactivating autopickup; reactivate with Ctrl-A.
Casting: Searing Ray (safe; 1% risk of failure)
Confirm with . or Enter, or press ? or * to list all spells.
Okay, then.
Casting: Searing Ray (safe; 1% risk of failure)
Confirm with . or Enter, or press ? or * to list all spells.
Aiming: Searing Ray (safe; 1% risk of failure)
Press: ? - help, Shift-Dir - straight line (Press . to maintain the ray.)
The shadow strikes at you from the darkness!
Reactivating autopickup.
The searing ray hits the shadow!
You destroy the shadow!
Yredelemnul accepts your kill.
You start resting.
Sonja, the Graceful Assassin comes into view.
She is wielding a +0 dagger of draining, quivering curare-tipped darts and carrying a wand of mindburst (14).
Sonja zaps a wand.
You resist with significant effort.
Casting: Searing Ray (safe; 1% risk of failure)
Confirm with . or Enter, or press ? or * to list all spells.
Aiming: Poisonous Vapours (safe; 1% risk of failure)
Press: ? - help, Dir - move target, f - Sonja
Aim: Sonja, wielding a +0 dagger of draining, quivering curare-tipped darts and carrying a wand of mindburst (13) Poisonous vapours surround Sonja!
Sonja is poisoned.
Sonja zaps a wand.
Your mind is blasted!
Casting: Poisonous Vapours (safe; 1% risk of failure)
Confirm with . or Enter, or press ? or * to list all spells.
Aiming: Poisonous Vapours (safe; 1% risk of failure)
Press: ? - help, Dir - move target, f/p - Sonja
Aim: Sonja, wielding a +0 dagger of draining, quivering curare-tipped darts and carrying a wand of mindburst (12) (poison gas, poisoned)
The poisonous vapours increase!
Sonja looks even sicker.
Sonja zaps a wand.
Your mind is blasted!
* * * LOW HITPOINT WARNING * * *
Casting: Poisonous Vapours (safe; 1% risk of failure)
Confirm with . or Enter, or press ? or * to list all spells.
You ignite the poison in your surroundings!
Sonja seems to burn from within!!
Sonja is severely wounded.
* * * LOW HITPOINT WARNING * * *
Sonja is engulfed in blazing flames.
Sonja zaps a wand.
Your mind is blasted!
You die...

............
!........###.......###..
#......#...##........#.#
..#....!...##...........
.......................K
............# .......>..
.#..........# ...Z.....
##..........####........
#...............@#.....
................$.......
#.##....#.......##......
#<#.....................
#......########.........
#....[.# ####......
#......# ...... ....####
..... #### ##


You could see Sonja (ally target) and a friendly centaur zombie.

Vanquished Creatures
  Maggie (D:7)
  Psyche (D:11)
  A kobold demonologist (D:9)
  A troll (D:9)
  A shadow (D:11)
  A wraith (D:11)
  A wyvern (D:8)
  8 yaks
  2 steam dragons
  3 water moccasins
  2 black bears
  5 orc warriors
  3 wolves
  2 ogres
  6 centaurs
  2 kobold brigands
  3 bullfrogs
  A water moccasin zombie (D:5)
  12 killer bees
  A water moccasin skeleton (D:5)
  3 wights (D:10)
  2 howler monkeys
  2 electric eels (D:9)
  3 lava snakes (D:7)
  A bullfrog zombie (D:5)
  2 centaur zombies
  A centaur skeleton (D:5)
  4 hounds
  6 orc priests
  Crazy Yiuf (D:4)
  2 gnoll shamans
  4 jellies
  Jessica (D:2)
  Terence (D:2)
  2 iguanas
  5 orc wizards
  A killer bee zombie (D:8)
  2 howler monkey zombies
  A howler monkey skeleton (D:6)
  5 adders
  14 gnolls
  A shadow imp (D:7)
  An ufetubus (D:5)
  An adder skeleton (D:4)
  2 dart slugs
  45 orcs
  5 bats
  5 endoplasms
  A giant cockroach (D:1)
  7 goblins
  7 hobgoblins
  17 jackals
  5 quokkas
  4 ball pythons
  2 frilled lizards
  20 kobolds
  5 rats
248 creatures vanquished.

Vanquished Creatures (collateral kills)
  Harold (D:8)
  A yak (D:10)
  A lava snake (D:7)
  3 orcs (D:10)
6 creatures vanquished.

Vanquished Creatures (others)
  A troll (D:11)
  An ogre zombie (D:7)
  2 killer bee zombies (D:10)
  A kobold zombie (D:10)
  4 orc zombies
9 creatures vanquished.

Grand Total: 263 creatures vanquished

Notes
Turn   | Place    | Note
-------+----------+-------------------------------------------
     0 | D:1      | bilbop the Djinni Venom Mage began the quest for the Orb.
     0 | D:1      | Reached XP level 1. HP: 15/15 MP: 0/0
   216 | D:1      | Reached XP level 2. HP: 19/21 MP: 0/0
   726 | D:1      | Found a faded altar of an unknown god.
   873 | D:1      | Reached XP level 3. HP: 24/26 MP: 0/0
   873 | D:1      | Learned a level 1 spell: Freeze
  1609 | D:2      | Noticed Terence
  1612 | D:2      | Killed Terence
  1613 | D:2      | Reached skill level 1 in Fighting
  1613 | D:2      | Reached skill level 1 in Short Blades
  1613 | D:2      | Reached skill level 1 in Invocations
  1613 | D:2      | Reached XP level 4. HP: 25/32 MP: 0/0
  1791 | D:2      | Noticed Jessica
  1795 | D:2      | Killed Jessica
  1796 | D:2      | Reached skill level 1 in Shields
  1796 | D:2      | Reached skill level 3 in Spellcasting
  2120 | D:2      | Reached XP level 5. HP: 35/37 MP: 0/0
  2120 | D:2      | Learned a level 2 spell: Searing Ray
  3074 | D:3      | Reached XP level 6. HP: 23/42 MP: 0/0
  3789 | D:4      | Found a runed translucent door.
  3790 | D:4      | Noticed Crazy Yiuf
  3798 | D:4      | Killed Crazy Yiuf
  4154 | D:4      | Noticed an ogre
  4164 | D:4      | Killed an ogre
  4174 | D:4      | Reached XP level 7. HP: 37/49 MP: 0/0
  4174 | D:4      | Learned a level 3 spell: Spider Form
  4516 | D:4      | Found a staircase to the Ecumenical Temple.
  4525 | Temple   | Entered the Ecumenical Temple
  4812 | Temple   | Became a worshipper of Yredelemnul the Dark
  5310 | D:5      | Entered Level 5 of the Dungeon
  5507 | D:5      | Reached skill level 1 in Slings
  5507 | D:5      | Reached skill level 4 in Spellcasting
  5674 | D:5      | Reached XP level 8. HP: 48/55 MP: 0/0
  6183 | D:5      | Found Hetej's Weapon Boutique.
  6393 | D:6      | Reached * piety under Yredelemnul
  6622 | D:6      | Found a transporter.
  6632 | D:6      | Reached XP level 9. HP: 47/61 MP: 0/0
  6632 | D:6      | Learned a level 3 spell: Conjure Flame
  6823 | D:6      | Found a transporter.
  7101 | D:7      | Reached skill level 5 in Spellcasting
  7467 | D:7      | Noticed Maggie
  7472 | D:7      | Killed Maggie
  8251 | D:8      | Noticed Harold
  8260 | D:8      | Killed Harold
  8261 | D:8      | Reached XP level 10. HP: 39/69 MP: 0/0
  8435 | D:8      | Found Giyshukk's Weapon Shop.
  8696 | D:8      | Reached skill level 6 in Spellcasting
  8786 | D:8      | Reached ** piety under Yredelemnul
  9221 | D:9      | Reached skill level 5 in Invocations
  9224 | D:9      | Reached skill level 5 in Fighting
  9224 | D:9      | Reached skill level 5 in Stealth
  9227 | D:9      | Reached skill level 5 in Shields
  9906 | D:9      | Noticed a kobold demonologist
  9913 | D:9      | Killed a kobold demonologist
  9993 | D:9      | Reached XP level 11. HP: 56/76 MP: 0/0
  9993 | D:9      | Learned a level 4 spell: Ice Form
 10171 | D:9      | Found a staircase to the Lair.
 10583 | D:9      | Noticed a death knight
 10584 | D:9      | Noticed a cyclops
 10586 | D:9      | Noticed a cyclops
 10588 | D:9      | Noticed a purple ugly thing
 10768 | D:9      | Reached skill level 5 in Short Blades
 10997 | D:10     | Entered Level 10 of the Dungeon
 11011 | D:10     | Reached *** piety under Yredelemnul
 11398 | D:10     | Reached skill level 7 in Spellcasting
 11449 | D:10     | Identified the +2 ring mail of the Endless Expanse {Contam
                  | rF+++ Int+6}
 11857 | D:10     | Found a staircase to the Orcish Mines.
 12914 | D:11     | Noticed Psyche
 12930 | D:11     | Killed Psyche
 12965 | D:11     | Identified the +0 leather armour of the Tired Beds {rF-
                  | Str+2 Dex+2}
 12999 | D:11     | Noticed Sonja
 13002 | D:11     | Blown up by Sonja

Illustrated notes

Levels and vault maps discovered:
D:1:      matt_arrival_los_fun, layout_loops_ring,
          shapermc_ecumenical_altar_venn
D:2:      layout_loops_ring, minmay_heptomino_h4, uniq_jessica, uniq_terence
D:3:      layout_loops_ring
D:4:      layout_loops_ring, temple_fountains, kennysheep_generic_room_15,
          uniq_crazy_yiuf_cottage
D:5:      layout_cave_pools, serial_shops, kennysheep_mini
D:6:      gammafunk_steamed_eel, layout_cave_pools, hangedman_decor_slide_cut
D:7:      layout_layer_cave, kennysheep_boxes, uniq_maggie
D:8:      layout_basic, serial_shops, nicolae_shop_trees, uniq_harold
D:9:      layout_gridville, erik_lair_island, special_room [special_room_orc],
          onia_ninara_dug_in_and_dangerous
D:10:     layout_small_grid, amcnicky_altar_gilded, erik_orc_3,
          kennysheep_generic_room_9
D:11:     layout_rooms, lemuel_flamethrower_2, uniq_sonja, uniq_psyche
Temple:   compressed_dpeg_triangle_lava_temple

Skill      XL: |  1  2  3  4  5  6  7  8  9 10 11 |
---------------+----------------------------------+-----
Fighting       | 1 2 3 4 5 |  5.9
Short Blades   | 1 2 3 4 5 |  5.3
Stealth        | 2 3 4 5 |  5.7
Invocations    | 1 2 3 4 5 6 |  6.0
Shields        | 1 2 3 4 5 |  5.8
Spellcasting   | 3 4 5 6 7 |  7.2
Slings         | 1 2 3 4 |  4.5
Dodging        | |  2.1

Action                   |  1- 3 |  4- 6 |  7- 9 | 10-12 || total
-------------------------+-------+-------+-------+-------++-------
Melee: Spear             |     2 |       |       |       ||     2
       Dagger            |    18 |    16 |    15 |    14 ||    63
 Fire: Hunting sling     |       |     4 |    12 |       ||    16
 Cast: Sting             |    40 |    38 |    20 |       ||    98
       Freeze            |    13 |    18 |       |       ||    31
       Poisonous Vapours |     3 |     7 |    22 |    31 ||    63
       Searing Ray       |       |    14 |    23 |    20 ||    57
       Ignite Poison     |       |       |    18 |    43 ||    61
       Mephitic Cloud    |       |       |     4 |     3 ||     7
       Olgreb's Toxic Ra |       |       |     3 |    17 ||    20
Invok: Animate Remains   |       |       |     7 |    22 ||    29
       Animate Dead      |       |       |       |    10 ||    10
  Use: Scroll            |       |       |       |    13 ||    13
 Stab: Sleeping          |     3 |     4 |     8 |     4 ||    19
       Distracted        |       |       |       |     1 ||     1
Armor: Robe              |    11 |     5 |       |       ||    16
       Leather armour    |       |     8 |    34 |    30 ||    72
       Troll leather arm |       |       |       |     3 ||     3
Dodge: Dodged            |    24 |    23 |    49 |    53 ||   149

Table legend: (Time is in decaauts)
 A = Elapsed time spent in this place.
 B = Non-inter-level travel time spent in this place.
 C = Inter-level travel time spent in this place.
 D = Time resting spent in this place.
 E = Time spent auto-exploring this place.
 F = Levels seen in this place.
 G = Mean time per level.
                   A        B        C        D        E       F      G
               +--------+--------+--------+--------+--------+-----+--------+
         Total |  13000 |  12339 |    661 |   3631 |   7192 |  12 | 1083.3 |
       Dungeon |  12703 |  12058 |    645 |   3631 |   6914 |  11 | 1154.8 |
        Temple |    296 |    280 |     16 |      0 |    278 |   1 |  296.0 |
               +--------+--------+--------+--------+--------+-----+--------+

Top non-repeatable levels by time:
     D:1: 1545 daAuts
    D:10: 1500 daAuts
     D:9: 1470 daAuts
     D:8: 1401 daAuts
     D:2: 1274 daAuts
     D:4: 1246 daAuts
     D:7: 1144 daAuts
     D:3: 940 daAuts
     D:5: 892 daAuts
     D:6: 773 daAuts
    D:11: 514 daAuts
  Temple: 296 daAuts
